 Dungeon Crawl Stone Soup version 0.26-a0-752-gcff87cac9a (webtiles) character file.

Game seed: 2429558144443458767

8 Peloso the Skirmisher (level 2, 27/27 HPs)
             Began as a Minotaur Fighter on Nov 6, 2020.
             Got out of the dungeon alive.
             The game lasted 00:00:59 (488 turns).

Peloso the Skirmisher (Minotaur Fighter)             Turns: 488, Time: 00:00:59

Health: 27/27      AC:  7    Str: 20    XL:     2   Next: 0%
Magic:  1/1        EV:  7    Int:  5    God:
Gold:   64         SH:  9    Dex:  9    Spells: 1/1 levels left

rFire    . . .     SeeInvis .   a - +0 long sword
rCold    . . .     Faith    .   c - +0 kite shield
rNeg     . . .     Spirit   .   b - +0 scale mail
rPois    .         Reflect  .   (helmet unavailable)
rElec    .         Harm     .   (no cloak)
rCorr    .         Rampage  .   (no gloves)
MR       +....                  (no boots)
Stlth    ..........             (no amulet)
HPRegen  0.09/turn              (no ring)
MPRegen  0.07/turn              (no ring)

@: no status effects
A: retaliatory headbutt, horns 3, magic resistance 1
a: no special abilities


You escaped.
You visited 1 branch of the dungeon, and saw 1 of its levels.

You collected 64 gold pieces.

Inventory:

Hand Weapons
 a - a +0 long sword (weapon)
Armour
 b - a +0 scale mail (worn)
 c - a +0 kite shield (worn)
Jewellery
 e - an uncursed ring of see invisible {unknown}
Scrolls
 f - a scroll of enchant weapon {unknown}
 g - 2 scrolls of amnesia {unknown}
 i - 2 scrolls of blinking {unknown}
Potions
 d - a potion of might


   Skills:
 + Level 3.9 Fighting
 + Level 2.7 Long Blades
 + Level 3.7 Armour
 + Level 3.7 Shields


You had one spell level left.
You didn't know any spells.
Your spell library was empty.

Dungeon Overview and Level Annotations

Branches:
Dungeon (1/15)

Altars:


Innate Abilities, Weirdness & Mutations

You reflexively headbutt those who attack you in melee.
You have a pair of large horns on your head.
You are resistant to hostile enchantments. (MR+)


Message History

You closely miss the bat. Your headbutt misses the bat.
You block the bat's attack. The bat hits you but does no damage.
You block the bat's attack. The bat closely misses you.
You riposte.
You miss the bat. You closely miss the bat. Your headbutt misses the bat.
The bat hits you but does no damage. The bat closely misses you.
You hit the bat.
You kill the bat!
You have reached level 2!
It was a potion of mutation.
You feel extremely strange. The horns on your head grow some more.
You feel resistant to hostile enchantments.
It was a potion of heal wounds.
You feel much better.
(D) Dungeon
Where to? (? - help)
What level of the Dungeon? (default 1, ? - help)
There is an open door here.
There is a staircase leading out of the dungeon here.
Are you sure you want to leave the Dungeon?
This will make you lose the game!
You have escaped!

.#.##.# ##..≈≈≈≈≈≈≈≈≈≈≈≈≈≈≈≈≈....
.#.##.###.(≈≈≈≈≈≈≈≈≈≈≈≈≈≈≈≈≈....#
......(.(((≈≈≈≈≈≈≈≈≈≈≈≈≈≈≈≈≈....#
..........≈≈≈≈≈≈≈≈≈≈≈≈≈≈≈≈≈≈....'
....#.##.≈≈≈≈≈≈≈≈≈≈≈≈≈≈≈≈≈≈.....#
..#.#.##.≈≈≈≈≈#####≈≈≈≈.≈≈......#
..#.#.#..≈≈≈≈##...##≈≈≈........≈≈
..#...#.≈≈≈≈≈#.....#.........≈≈≈≈
..#.###.≈≈≈≈≈#.>@..'........≈≈≈≈≈
..#.###.≈≈≈≈≈#.....#.≈≈≈....≈≈≈≈≈
.........≈≈≈≈##...##≈≈≈≈....≈≈≈≈≈
.#######.≈≈≈≈≈#####≈≈≈≈≈≈....≈≈≈≈
##...##.≈≈≈≈≈≈≈≈≈≈≈≈≈≈≈≈≈....≈≈≈
........≈≈≈≈≈≈≈≈≈≈≈≈≈≈≈≈##'##≈≈≈
.........≈≈≈≈≈≈≈≈≈≈≈≈≈≈##...##≈≈
.........≈≈≈≈≈≈≈≈≈≈≈≈≈≈#.....#≈≈
.......#..≈≈≈≈≈≈≈≈≈≈≈≈≈#.....#≈≈


There were no monsters in sight!

Vanquished Creatures
  A leopard gecko (D:1)
  A hobgoblin (D:1)
  A bat (D:1)
  4 kobolds (D:1)
  A rat (D:1)
8 creatures vanquished.

Notes
Turn   | Place    | Note
-------+----------+-------------------------------------------
     0 | D:1      | Peloso the Minotaur Fighter began the quest for the Orb.
     0 | D:1      | Reached XP level 1. HP: 19/19 MP: 0/0
   434 | D:1      | Reached XP level 2. HP: 26/27 MP: 1/1
   435 | D:1      | Gained mutation: You have a pair of large horns on your
                  | head. [potion of mutation]
   435 | D:1      | Gained mutation: You are resistant to hostile enchantments.
                  | (MR+) [potion of mutation]
   488 | D:$      | Got out of the dungeon alive.

Illustrated notes

Levels and vault maps discovered:
D:1:      minmay_arrival_shoal_huts, layout_loops_ring, grunt_decor_mini_mirrors

Action                   || total
-------------------------++-------
Melee: Long sword        ||    16
  Use: Potion            ||     2
Armor: Scale mail        ||     9
Dodge: Dodged            ||    11
Block: Kite shield       ||     8
       Rpst.: Long sword ||     2

Table legend: (Time is in decaauts)
 A = Elapsed time spent in this place.
 B = Non-inter-level travel time spent in this place.
 C = Inter-level travel time spent in this place.
 D = Time resting spent in this place.
 E = Time spent auto-exploring this place.
 F = Levels seen in this place.
 G = Mean time per level.
                   A        B        C        D        E       F      G
               +--------+--------+--------+--------+--------+-----+--------+
         Total |    493 |    443 |     50 |      0 |    363 |   1 |  493.0 |
       Dungeon |    493 |    443 |     50 |      0 |    363 |   1 |  493.0 |
               +--------+--------+--------+--------+--------+-----+--------+

Top non-repeatable levels by time:
     D:1: 493 daAuts
